Map: Odyssey LE

Players

Salton

  • Race: Zerg Zerg
  • League: Diamond
  • Spawn Location: 11:00

Faz - Winner!

  • Race: Terran Terran
  • League: Master
  • Spawn Location: 5:00

VOD

Have the link to the VOD?

Description

Time

  • Played on: Aug. 12, 2017, 8:11 p.m.
  • Length: 11:08
Show
View Real Time Build Order
Export as new Build Order

Salton Zerg 

Build Orders: Hatch First 

Get SALT Encoding   

  12  0:02  Drone  
  13  0:12  Overlord  
  13  0:16  Drone  
  14  0:30  Drone x2  
  14  0:34  Drone  
  17  0:54  Hatchery  
  17  0:55  Drone  
  17  0:59  Drone  
  18  1:09  Extractor  
  17  1:15  Spawning Pool  
  17  1:18  Drone  
  17  1:21  Drone  
  18  1:28  Drone  
  19  1:39  Overlord  
  19  1:49  Drone  
  20  2:02  Zergling x2, Queen  
  20  2:06  Queen  
  20  2:07  Zergling x2  
  26  2:10  Metabolic Boost  
  26  2:14  Drone  
  27  2:20  Drone  
  28  2:30  Drone x2  
  30  2:42  Hatchery  
  29  2:46  Overlord  
  29  2:49  Drone  
  30  2:55  Overlord  
  30  3:05  Drone x4  
  33  3:10  Queen  
  36  3:14  Drone  
  36  3:16  Drone x2  
  39  3:21  Overlord  
  39  3:28  Zergling x4  
  39  3:31  Drone  
  39  3:32  Drone x2  
  44  3:38  Overlord  
  44  3:43  Drone  
  45  3:53  Extractor, Drone x3  
  45  3:54  Drone x2  
  48  3:55  Evolution Chamber  
  48  3:56  Queen, Extractor  
  48  4:03  Drone x3  
  48  4:07  Lair  
  51  4:10  Drone  
  51  4:15  Overlord  
  53  4:17  Zergling x6  
  53  4:23  Zergling x2, Overlord  
  56  4:24  Zergling x2  
  57  4:33  Zerg Melee Weapons Level 1  
  57  4:34  Zergling x8  
  61  4:49  Queen  
  61  4:54  Overlord  
  60  5:04  Zergling x8  
  60  5:05  Zergling x10  
  69  5:26  Drone x8  
  69  5:27  Hydralisk Den  
  76  5:30  Overseer  
  76  5:34  Queen  
  75  5:49  Drone x6  
  66  5:58  Hydralisk x5  
  66  5:59  Hydralisk x2  
  77  6:10  Drone x3  
  74  6:27  Queen  
  74  6:28  Drone x4  
  74  6:29  Drone x2  
  74  6:30  Drone x2  
  74  6:31  Drone x2  
  86  6:39  Baneling Nest  
  85  6:44  Overlord  
  85  6:47  Muscular Augments  
  85  6:49  Drone x4  
  85  6:51  Overlord x2  
  86  7:13  Drone x2  
  86  7:17  Spore Crawler  
  86  7:21  Drone  
  86  7:22  Drone x6  
  92  7:23  Drone x2  
  92  7:24  Drone x2  
  92  7:26  Zerg Ground Armor Level 1  
  96  7:30  Overlord  
  96  7:31  Drone x2  
  96  7:32  Spore Crawler  
  96  7:36  Overlord  
  96  7:37  Drone  
  98  7:39  Spore Crawler  
  98  7:41  Overlord  
  97  7:44  Drone  
  97  7:47  Extractor  
  94  7:55  Centrifical Hooks  
  94  7:56  Drone x2  
  94  7:57  Drone  
  94  7:58  Drone  
  98  8:02  Queen  
  100  8:07  Hatchery  
  100  8:08  Overlord  
  100  8:09  Zergling x6  
  100  8:10  Zergling x2  
  103  8:23  Drone x3  
  103  8:24  Drone  
  103  8:25  Overlord  
  103  8:26  Overlord  
  107  8:28  Hydralisk x4  
  107  8:30  Zergling x2  
  107  8:32  Zergling x2  
  117  8:38  Pneumatized Carapace  
  117  8:44  Overlord  
  117  8:45  Zergling x10  
  117  8:47  Baneling x7  
  117  8:48  Baneling x3  
  122  8:54  Hydralisk  
  122  8:55  Hydralisk x2  
  128  9:01  Extractor  
  127  9:06  Zergling x12  
  130  9:32  Hydralisk x5  
  130  9:33  Hydralisk x5  
  130  9:34  Zergling x6  
  130  9:35  Zergling x2  
  144  9:39  Queen  
  146  9:46  Queen  
  146  9:48  Drone x2  
  146  9:49  Drone x3  
  153  10:04  Overlord x2  
  153  10:14  Queen, Overlord  
  141  10:29  Hydralisk  
  141  10:30  Hydralisk x11  
Show
View Real Time Build Order
Export as new Build Order

Faz Terran - Winner!

Build Orders: Hellion Banshee, MMM Bio 

Get SALT Encoding   

  12  0:01  SCV  
  13  0:13  SCV  
  14  0:17  Supply Depot  
  14  0:25  SCV  
  15  0:38  SCV  
  15  0:40  Barracks  
  16  0:44  Refinery  
  16  0:50  SCV  
  17  1:03  SCV  
  18  1:15  SCV  
  19  1:27  Marine, Orbital Command  
  20  1:39  Command Center  
  20  1:45  Marine  
  21  1:54  Factory  
  21  1:57  SCV  
  22  2:05  Supply Depot  
  22  2:07  Barracks Reactor  
  22  2:10  SCV  
  23  2:17  Refinery  
  23  2:27  SCV  
  24  2:39  SCV  
  24  2:41  Starport  
  24  2:43  Marine x2  
  27  2:47  Widow Mine  
  29  2:51  SCV  
  29  2:52  Orbital Command  
  30  3:03  Marine x2, SCV  
  33  3:19  Medivac  
  35  3:20  SCV  
  36  3:32  Hellion  
  36  3:33  Barracks Tech Lab, Hellion  
  36  3:34  SCV  
  41  3:40  Supply Depot  
  41  3:48  SCV x2  
  43  3:56  Hellion  
  43  4:01  SCV x2  
  43  4:02  Hellion  
  49  4:04  Supply Depot  
  49  4:08  Cloaking Field  
  49  4:09  Banshee  
  52  4:10  Barracks Tech Lab  
  52  4:13  SCV x2  
  54  4:26  Hellion x2  
  54  4:27  Supply Depot  
  54  4:31  Stimpack, Marine  
  58  4:58  SCV  
  58  4:59  Banshee, Marine, SCV  
  64  5:06  Command Center  
  62  5:19  SCV x2  
  62  5:20  Supply Depot  
  57  5:22  Factory Reactor  
  57  5:27  Barracks  
  57  5:31  Barracks  
  57  5:32  SCV x2  
  59  5:44  SCV  
  59  5:45  SCV  
  59  5:48  Marine  
  59  5:49  Banshee  
  59  6:03  SCV x2  
  59  6:07  Refinery  
  59  6:08  Engineering Bay, Marine, Refinery  
  59  6:10  Factory Reactor  
  60  6:11  Engineering Bay  
  60  6:15  SCV x2  
  59  6:19  Marine x2  
  59  6:20  Orbital Command  
  59  6:25  Barracks x2  
  61  6:27  Marine x3  
  61  6:33  SCV x2  
  61  6:35  Terran Infantry Weapons Level 1  
  61  6:38  Terran Infantry Armor Level 1  
  63  6:41  Combat Shields  
  63  6:42  Marine  
  63  6:43  Marine, Orbital Command  
  63  6:45  Marine x2, SCV  
  68  6:56  SCV  
  68  6:58  SCV  
  67  7:08  SCV  
  67  7:10  Marine x2, SCV  
  67  7:11  Siege Tank, Marine x3  
  67  7:13  Barracks Reactor x2  
  67  7:14  Medivac x2  
  77  7:19  SCV  
  77  7:20  SCV  
  77  7:22  SCV  
  80  7:23  Barracks x2  
  80  7:28  Factory  
  80  7:30  Barracks  
  80  7:31  Marine, SCV  
  80  7:32  Marine x4, SCV  
  80  7:34  SCV  
  88  7:39  Supply Depot x2  
  88  7:43  Armory, SCV  
  89  7:44  Refinery  
  89  7:45  Refinery  
  89  7:49  Siege Tank, Marine  
  93  8:00  Marine x4  
  93  8:03  SCV  
  93  8:04  Medivac x2, SCV  
  93  8:05  Marine x4  
  104  8:08  SCV  
  104  8:12  Barracks Tech Lab  
  108  8:13  Supply Depot, Factory Tech Lab  
  108  8:14  Supply Depot, Barracks Tech Lab  
  108  8:15  Supply Depot, SCV  
  108  8:17  Barracks Tech Lab  
  109  8:31  Terran Infantry Weapons Level 2  
  109  8:32  Terran Infantry Armor Level 2  
  109  8:34  Marine x7, SCV  
  109  8:36  Siege Tank, Marine x4  
  109  8:39  Siege Tank, Marine  
  128  8:43  SCV  
  129  8:50  Medivac x2  
  133  8:56  Supply Depot  
  133  8:57  Supply Depot, Marine x6  
  133  8:58  SCV x2  
  133  8:59  Supply Depot  
  141  9:17  Siege Tank x2, Marine, SCV  
  141  9:19  Marauder x2, Marine, SCV x2  
  151  9:43  Marine  
  151  9:44  Marine x7  
  151  9:45  Medivac x2  
  161  9:46  SCV x2  
  161  9:50  Supply Depot, Command Center  
  161  9:51  Supply Depot  
  161  9:52  Supply Depot, Widow Mine  
  165  9:53  SCV  
  168  10:18  Marine x10  
  168  10:19  Marine x2  
  168  10:20  Siege Tank, Medivac  
  179  10:28  SCV x2  
  179  10:32  Starport  
  179  10:33  Starport  
  180  10:37  Marauder x3  
  180  10:42  Marine x6  
  187  10:43  Marine x3  
Tags
 
Add a new tag
Caveats
  • Supply blocks, unpowered buildings, or Contaminate may cause inaccurate times.
  • Supply counts are checked every 10 seconds.